 Dungeon Crawl Stone Soup version 0.30-a0-1160-g6e42c06551 (webtiles) character file.

Game seed: 12984262589986195861

4766 lunkers the Zephyrmancer (level 11, -3/74 HPs)
             Began as a Meteoran Air Elementalist on Apr 25, 2023.
             Was an Elder of Jiyva.
             Constricted to death by a naga (5 damage)
             ... on level 2 of the Lair of Beasts.
             The game lasted 00:11:32 (3375 turns).

lunkers the Zephyrmancer (MeAE)                     Turns: 3375, Time: 00:11:33

Health: -3/74      AC:  8    Str:  9    XL:     11   Next: 4%
Magic:  20/26      EV:  9    Int: 21    God:    Jiyva [****..]
Gold:   293        SH:  0    Dex: 16    Spells: 21/31 levels left

rFire   . . .        m - +3 quarterstaff (chaos)
rCold   . . .        (shield currently unavailable)
rNeg    . . .        i - +0 steam dragon scales
rPois   .            s - +0 helmet
rElec   .            n - +1 cloak
rCorr   +            (no gloves)
SInv    +            (no boots)
Will    ++++.        (no amulet)
Stlth   +            l - ring of see invisible
HPRegen 1.60/turn    (no ring)
MPRegen 0.60/turn

%: no passive effects
@: lethally poisoned (-3 -> -4), about to teleport, glowing, constricted
A: sense surroundings 2, otherworldly, glowing, explore regen, hooves 1,
strong-willed 3
a: Renounce Religion, Oozemancy, Slimify


You were on level 2 of the Lair of Beasts.
You worshipped Jiyva.
Jiyva was greatly pleased with you.
You visited 2 branches of the dungeon, and saw 9 of its levels.

You collected 293 gold pieces.

Inventory:

Hand Weapons
 m - a +3 quarterstaff of chaos (weapon)
Armour
 g - an orb of wrath
 i - +0 steam dragon scales (worn)
 n - a +1 cloak (worn)
 s - a +0 helmet (worn)
Jewellery
 l - a ring of see invisible (left hand)
Wands
 q - a wand of polymorph (18)
Scrolls
 e - a scroll of magic mapping
 h - a scroll of enchant armour
 j - a scroll of immolation
 r - a scroll of teleportation
Potions
 a - a potion of haste {unknown}
 b - 3 potions of magic
 c - a potion of cancellation
 d - a potion of degeneration
 f - 3 potions of curing
 k - 2 potions of mutation
 o - 2 potions of heal wounds
 p - 3 potions of flight
 t - a potion of brilliance {unknown}


   Skills:
 - Level 2.4 Dodging
 - Level 1.4 Stealth
 + Level 10.7 Spellcasting
 - Level 1.2 Conjurations
 * Level 14.9 Air Magic


You had 21 spell levels left.
You knew the following spells:

 Your Spells              Type           Power      Damage    Failure   Level
a - Shock                 Conj/Air       100%       1d9       1%          1
b - Static Discharge      Conj/Air       90%        2-6/arc   1%          2
c - Swiftness             Air            65%        N/A       1%          3
d - Airstrike             Air            32%        2d(5-21)  1%          4

Your spell library contained the following spells:

 Spells                   Type           Power      Damage    Failure   Level
 Poisonous Vapours        Pois/Air       84%        N/A       1%          2
 Mephitic Cloud           Conj/Pois/Air  33%        N/A       1%          3
 Stone Arrow              Conj/Erth      26%        3d8       14%         3
 Ozocubu's Armour         Ice            11%        N/A       19%         3
 Freezing Cloud           Conj/Ice/Air   16%        6-21      19%         5
 Animate Armour           Summ/Erth      22%        N/A       52%         4
 Ozocubu's Refrigeration  Ice            5%         4d8       100%        7
 Lehudib's Crystal Spear  Conj/Erth      6%         10d3      100%        8


Dungeon Overview and Level Annotations

Branches:
Dungeon (8/15) Zot: 1025     Lair (2/5) D:8 Zot: 984   Snake (0/4) Lair:2
 Temple: D:4-7        Swamp: Lair:2-3    Shoals: Lair:2-3

Altars:
Uskayaw
Yredelemnul
Jiyva

Shops:
D:2 (

Annotations:
D:3 3 runed translucent doors


Innate Abilities, Weirdness & Mutations

You passively map the area around you.
You are easily found by Zot.
You glow in the dark.
You regain HP and MP as you explore.
You have large cloven feet.
You are extremely strong-willed. (Will+++)


Message History

Aim: a naga, wielding a +0 flail and wearing a +0 robe (heavily wounded, empty space bonus: 8/8)
The air twists around and strikes the naga!
The naga is almost dead.
You feel sick. The naga barely misses you. The naga constricts you.
* * * LOW HITPOINT WARNING * * *
Unknown command.
Casting: Airstrike (safe; 1% risk of failure)
Confirm with . or Enter, or press ? or * to list all spells.
Aiming: Airstrike (safe; 1% risk of failure)
Press: ? - help, Dir - move target, f/p - naga
Aim: a naga, wielding a +0 flail and wearing a +0 robe (almost dead, empty space bonus: 8/8)
The air twists around and strikes the naga!!
You kill the naga!
You feel sick. The naga spits poison at you. The splash of poison hits you.
You are more poisoned.
* * * LOW HITPOINT WARNING * * *
The naga spits poison at you.
The splash of poison hits you but does no damage.
You are more poisoned.
The naga hits you with a +2 trident of protection!
* * * LOW HITPOINT WARNING * * *
The naga constricts you.
* * * LOW HITPOINT WARNING * * *
As you read the scroll of teleportation, it crumbles to dust.
You feel strangely unstable.
You feel very sick. The naga misses you. The naga constricts you.
* * * LOW HITPOINT WARNING * * *
Unknown command.
You escape the naga's grasp.
A yak comes into view.
Found 16 gold pieces.
You feel very sick.
The yak bellows!
You hear an angry hiss.
You hear a bellow!
The naga hits you with a +0 halberd!
* * * LOW HITPOINT WARNING * * *
The naga grabs you. The naga constricts you.
You die...

* ,*, * , * **
..##. ,, .#, ,
Y#.. ,,.#
###...###..# , ,
, #.......#..# **
, , ##.......#..#
,, , *
#...........##..
,.....>.N........
* ,,
......N.@.......
,
,#.).)...#......
, #......N# .$...
, , ###...###
....,* * ,,.....
... , * *.......
,.. * .......* ,
. , ...<... * ,
....... ,,


You could see a yak and 3 nagas.

Vanquished Creatures
  A death yak (Lair:1)
  A cane toad (Lair:1)
  A komodo dragon (Lair:1)
  3 blink frogs (Lair:1)
  A wyvern (Lair:1)
  2 steam dragons (D:7)
  A naga (Lair:2)
  Duvessa (D:7)
  5 water moccasins
  2 sky beasts (D:6)
  4 black bears
  2 centaurs
  A phantom (D:5)
  7 bullfrogs
  2 scorpions
  Dowan (D:7)
  A howler monkey (D:6)
  A hound (D:5)
  3 iguanas
  A sleepcap (D:5)
  2 gnoll boudas
  Crazy Yiuf (D:2)
  4 orc wizards
  3 adders
  13 gnolls
  A shadow imp (D:6)
  3 white imps (D:6)
  An ufetubus (D:6)
  2 worms (D:2)
  14 orcs
  2 ball pythons
  A bat (D:2)
  2 giant cockroaches (D:2)
  3 goblins
  A hobgoblin (D:2)
  4 jackals (D:1)
  2 quokkas
  4 frilled lizards
  5 kobolds
  2 rats (D:1)
111 creatures vanquished.

Vanquished Creatures (others)
  A black bear (D:8)
  4 jellies
  A gnoll (D:7)
  2 orcs
  2 goblins
  A hobgoblin (D:3)
  A rat (D:2)
  3 demonic plants (D:6)
  26 fungi (D:8)
  21 plants
62 creatures vanquished.

Grand Total: 173 creatures vanquished

Notes
Turn   | Place    | Note
-------+----------+-------------------------------------------
     0 | D:1      | lunkers the Meteoran Air Elementalist began the quest for
                  | the Orb.
     0 | D:1      | Reached XP level 1. HP: 14/14 MP: 5/5
    82 | D:1      | Reached XP level 2. HP: 20/20 MP: 3/6
   248 | D:1      | Reached skill level 4 in Air Magic
   458 | D:1      | Found a faded altar of an unknown god.
   461 | D:1      | Prayed at the altar of an unknown god.
   461 | D:1      | Became a worshipper of Jiyva Jecok the Shapeless
   461 | D:1      | Reached * piety under Jiyva
   500 | D:1      | Glimpsed the power of Zot.
   526 | D:2      | Reached XP level 3. HP: 22/26 MP: 2/8
   783 | D:2      | Found Lemeg's Weapon Shop.
  1000 | D:2      | Learned a level 2 spell: Static Discharge
  1004 | D:2      | Learned a level 3 spell: Swiftness
  1019 | D:2      | Found a runed translucent door.
  1020 | D:2      | Noticed Crazy Yiuf
  1022 | D:2      | Reached ** piety under Jiyva
  1027 | D:2      | Killed Crazy Yiuf
  1028 | D:2      | Reached skill level 5 in Air Magic
  1028 | D:2      | Reached XP level 4. HP: 14/33 MP: 1/10
  1099 | D:2      | Glimpsed the power of Zot.
  1409 | D:3      | Found a runed translucent gate.
  1409 | D:3      | Found a runed translucent gate.
  1409 | D:3      | Found a runed translucent gate.
  1426 | D:3      | Reached XP level 5. HP: 10/38 MP: 5/11
  1431 | D:3      | You fall into a shaft and drop 2 floors!
  1431 | D:5      | Entered Level 5 of the Dungeon
  1436 | D:5      | Noticed a phantom
  1443 | D:5      | Killed a phantom
  1444 | D:5      | Reached skill level 6 in Air Magic
  1444 | D:5      | Reached XP level 6. HP: 19/45 MP: 2/13
  1449 | D:5      | Learned a level 4 spell: Airstrike
  1461 | D:5      | Reached *** piety under Jiyva
  1629 | D:5      | Reached skill level 7 in Air Magic
  1646 | D:5      | Reached skill level 5 in Spellcasting
  1646 | D:5      | Reached XP level 7. HP: 26/50 MP: 11/15
  2052 | D:5      | Reached skill level 8 in Air Magic
  2139 | D:5      | Gained mutation: You are strong-willed. (Will+) [Jiyva's
                  | grace]
  2139 | D:5      | Gained mutation: You are highly strong-willed. (Will++)
                  | [Jiyva's grace]
  2139 | D:5      | Gained mutation: You are extremely strong-willed. (Will+++)
                  | [Jiyva's grace]
  2139 | D:5      | Gained mutation: You have large cloven feet. [Jiyva's
                  | grace]
  2287 | D:6      | Reached XP level 8. HP: 57/57 MP: 7/17
  2350 | D:6      | Reached **** piety under Jiyva
  2498 | D:6      | Reached skill level 9 in Air Magic
  2706 | D:7      | Noticed a steam dragon
  2709 | D:7      | Noticed Duvessa
  2711 | D:7      | Noticed Dowan
  2719 | D:7      | Killed Duvessa
  2719 | D:7      | Killed a steam dragon
  2719 | D:7      | Killed Dowan
  2720 | D:7      | Reached skill level 10 in Air Magic
  2824 | D:7      | Gained mutation: You passively map the area around you.
                  | [Meteoran growth]
  2824 | D:7      | Reached XP level 9. HP: 37/62 MP: 14/21
  2870 | D:7      | Reached skill level 11 in Air Magic
  3036 | D:8      | Reached skill level 12 in Air Magic
  3039 | D:8      | Found a hide-covered altar of Uskayaw.
  3042 | D:8      | Found a basalt altar of Yredelemnul.
  3045 | D:8      | Found a staircase to the Lair.
  3126 | D:8      | Reached XP level 10. HP: 33/69 MP: 14/23
  3163 | Lair:1   | Entered Level 1 of the Lair of Beasts
  3212 | Lair:1   | Reached skill level 13 in Air Magic
  3284 | Lair:1   | Noticed a komodo dragon
  3286 | Lair:1   | Killed a komodo dragon
  3287 | Lair:1   | Reached skill level 10 in Spellcasting
  3304 | Lair:1   | Reached skill level 14 in Air Magic
  3332 | Lair:1   | Noticed a cane toad
  3335 | Lair:1   | Killed a cane toad
  3349 | Lair:2   | Noticed a death yak
  3350 | Lair:2   | Noticed a cane toad
  3350 | Lair:2   | Noticed a death yak
  3351 | Lair:2   | Noticed a death yak
  3351 | Lair:2   | Noticed a death yak
  3357 | Lair:1   | Killed a death yak
  3358 | Lair:1   | Reached XP level 11. HP: 65/74 MP: 12/26
  3370 | Lair:2   | Found a staircase to the Snake Pit.
  3375 | Lair:2   | HP: 2/74 [naga/+0 halberd (17)]
  3375 | Lair:2   | Constricted to death by a naga

Illustrated notes

Levels and vault maps discovered:
D:1:      tarquinn_simple_flora_water_e, layout_rooms,
          shapermc_ecumenical_altar_mp_vishouse
D:2:      layout_loops_cross, serial_shops, shop, nicolae_underground_beach,
          uniq_crazy_yiuf_cottage
D:3:      layout_loops_ring, gammafunk_ghost_icy, amethyst_killhole
D:5:      layout_loops_corners
D:6:      layout_basic, serial_demonic, serial_demonic_e, serial_demonic_g,
          serial_demonic_a, serial_demonic_b
D:7:      layout_loops_cross, minivault_26, uniq_duvessa
D:8:      layout_loops_cross, chequers_temple_overflow_statue_of_worship,
          nzn_hepliaklqana_mist_gate, due_lair_maze_entry_diamond,
          hangedman_incinerator
Lair:1:   layout_cave_pods, grunt_megastairs_2, infiniplex_staircase_pool,
          serial_bayou_shore_b
Lair:2:   layout_regular_city, minmay_snake_entry_guardpost_small,
          portal_ice_cave_entry_imps, nicolae_volcano_entry_batcave,
          beast_lair_carwin_2, grunt_megastairs_5

Skill      XL: |  1  2  3  4  5  6  7  8  9 10 |
---------------+-------------------------------+-----
Air Magic      | 4 5 6 7 8 10 12 14 | 14.9
Spellcasting   | 3 4 5 7 8 10 | 10.7
Dodging        | |  2.4
Stealth        | |  1.4
Conjurations   | |  1.2

Action                     |  1- 3 |  4- 6 |  7- 9 | 10-12 || total
---------------------------+-------+-------+-------+-------++-------
  Melee: Quarterstaff      |       |    33 |    13 |     9 ||    55
         Kick              |       |       |     6 |     4 ||    10
   Cast: Shock             |    49 |       |    10 |       ||    59
         Static Discharge  |     5 |    15 |    44 |     6 ||    70
         Airstrike         |       |       |    36 |    25 ||    61
 Invoke: Oozemancy         |       |       |     1 |       ||     1
    Use: Scroll            |       |       |    13 |     1 ||    14
 Armour: Robe              |     6 |     4 |     4 |       ||    14
         Steam dragon scal |       |       |    32 |     9 ||    41
  Dodge: Dodged            |     6 |    24 |    46 |    21 ||    97

Table legend: (Time is in decaauts)
 A = Elapsed time spent in this place.
 B = Non-inter-level travel time spent in this place.
 C = Inter-level travel time spent in this place.
 D = Time resting spent in this place.
 E = Time spent auto-exploring this place.
 F = Levels seen in this place.
 G = Mean time per level.
                   A        B        C        D        E       F      G
               +--------+--------+--------+--------+--------+-----+--------+
         Total |   3389 |   3283 |    106 |      0 |   2483 |   9 |  376.6 |
       Dungeon |   3174 |   3073 |    101 |      0 |   2360 |   7 |  453.4 |
          Lair |    214 |    209 |      5 |      0 |    123 |   2 |  107.0 |
               +--------+--------+--------+--------+--------+-----+--------+

Top non-repeatable levels by time:
     D:5: 848 daAuts
     D:2: 620 daAuts
     D:1: 508 daAuts
     D:6: 328 daAuts
     D:3: 304 daAuts
     D:8: 283 daAuts
     D:7: 282 daAuts
  Lair:1: 206 daAuts
  Lair:2: 8 daAuts
